 Dungeon Crawl Stone Soup version 0.20.0-15-g7f486f2 (webtiles) character file.

98 vishdafish the Shield-Bearer (level 4, -1/29 HPs)
             Began as a Gargoyle Fighter on June 19, 2017.
             Killed from afar by an orc (6 damage)
             ... with an exploding inner flame
             ... hexed by the player character
             ... on level 3 of the Dungeon.
             The game lasted 00:03:31 (2134 turns).

vishdafish the Shield-Bearer (Gargoyle Fighter)     Turns: 2134, Time: 00:03:31

Health: -1/29      AC: 10    Str: 21    XL:     4   Next: 69%
Magic:  4/4        EV:  8    Int:  8    God:
Gold:   151        SH:  9    Dex:  9    Spells: 3/3 levels left

rFire    . . .     SeeInvis .   a - +0 flail
rCold    . . .     Gourm    .   c - +0 shield
rNeg     + . .     Faith    .   b - +0 scale mail
rPois    ∞         Spirit   .   (no helmet)
rElec    +         Reflect  .   (no cloak)
rCorr    .         Harm     .   (no gloves)
MR       .....                  (no boots)
Stlth    ..........             (no amulet)
Regen    0.1/turn               (no ring)
MPRegen  0.1/turn               (no ring)

@: no status effects
A: negative energy resistance 1, electricity resistance, unbreathing,
petrification resistance, rot immunity, AC +3
a: no special abilities


You were on level 3 of the Dungeon.
You were not hungry.

You visited 1 branch of the dungeon, and saw 3 of its levels.

You collected 151 gold pieces.

Inventory:

Hand Weapons
 a - a +0 flail (weapon)
Armour
 b - a +0 scale mail (worn)
 c - a +0 shield (worn)
Jewellery
 i - a +5 ring of intelligence {unknown}
 r - an uncursed amulet of magic regeneration {unknown}
 y - an uncursed ring of stealth {unknown}
Scrolls
 g - 2 scrolls of teleportation {unknown}
 l - 5 scrolls of identify {unknown}
 o - 2 scrolls of enchant weapon {unknown}
 q - a scroll of magic mapping {unknown}
 s - a scroll of fear {unknown}
 t - a scroll of remove curse {unknown}
 w - a scroll of blinking {unknown}
Potions
 d - 2 potions of might
 j - a potion of ambrosia {unknown}
 k - 2 potions of lignification {unknown}
 m - 2 potions of curing {unknown}
 p - 2 potions of magic {unknown}
 u - 3 potions of flight {unknown}
 v - a potion of brilliance {unknown}
 x - 2 potions of cancellation {unknown}
 z - a potion of haste {unknown}
Comestibles
 f - 3 royal jellies
 n - 2 meat rations


   Skills:
 + Level 3.8 Fighting
 + Level 2.9 Maces & Flails
 + Level 3.8 Armour
 + Level 1.0 Dodging
 + Level 4.0 Shields


You had 3 spell levels left.
You didn't know any spells.

Dungeon Overview and Level Annotations

Branches:
Dungeon (3/15)

Altars:
Qazlal
Sif Muna
Trog


Innate Abilities, Weirdness & Mutations

You are resistant to torment.
Your stone body is resilient. (AC +3)
You are immune to poison.
You resist negative energy. (rN+)
You are resistant to electric shocks. (rElec)
You can survive without breathing.
You are immune to petrification.
You are immune to rotting.


Message History

Your shield prevents you from hitting the orc.
The orc is almost dead.
You block the orc's attack. The orc priest closely misses you.
As you read the scroll labeled QAISTR QIHIK, it crumbles to dust.
The creatures around you are filled with an inner flame!
It was a scroll of immolation.
The orc hits you but does no damage. You block the orc priest's attack.
As you read the scroll labeled BARAUS UTUEJ, it crumbles to dust.
The scroll dissolves into smoke.
It was a scroll of fog.
The orc hits you with a club.
* * * LOW HITPOINT WARNING * * *
The orc hits you but does no damage.
You see here 14 stones.
You barely miss the orc.
The orc is almost dead.
The orc closely misses you.
You sock the orc!
The orc explodes!
The fiery explosion engulfs you!
You die...

### ############### #.#
..............# #..
#############)# #o#
#...........#.#### #o#
#.#########.#...§# #.#
....<.....#.#.##@# #o#
..#.####.......#§# #!#
....#####.#.##.#o####.#
....[.....#....#§§oo.o#
..##.####.##########o.#
.........<.. #..#
+###.####### #..#
...........# #..#
......####.# #..#


You could see an orc (inner flame).

Vanquished Creatures
  An adder (D:3)
  3 dart slugs
  3 worms
  4 leopard geckos
  5 orcs (D:3)
  7 bats
  4 giant cockroaches
  4 goblins
  6 hobgoblins
  6 kobolds
  2 quokkas (D:3)
  14 frilled lizards
  5 rats
64 creatures vanquished.

Notes
Turn   | Place    | Note
-------+----------+-------------------------------------------
     0 | D:1      | vishdafish the Gargoyle Fighter began the quest for the Orb.
     0 | D:1      | Reached XP level 1. HP: 14/14 MP: 1/1
   153 | D:1      | Reached XP level 2. HP: 19/19 MP: 2/2
   408 | D:1      | Reached XP level 3. HP: 19/23 MP: 3/3
  1031 | D:2      | Reached skill level 1 in Dodging
  1220 | D:2      | Reached XP level 4. HP: 27/29 MP: 4/4
  1235 | D:2      | Found a bloodstained altar of Trog.
  1824 | D:3      | Found a stormy altar of Qazlal.
  1824 | D:3      | Found a deep blue altar of Sif Muna.
  2060 | D:3      | Reached skill level 4 in Shields
  2134 | D:3      | Killed from afar by an orc

Skill      XL: |  1  2  3  4 |
---------------+-------------+-----
Dodging        | 1 |  1.0
Shields        | 4 |  4.0
Fighting       | |  3.8
Maces & Flails | |  2.9
Armour         | |  3.8

Action                   |  1- 3 |  4- 6 || total
-------------------------+-------+-------++-------
Melee: Flail             |   182 |   114 ||   296
  Use: Scroll            |       |     2 ||     2
  Eat: Bread ration      |     1 |       ||     1
Armor: Scale mail        |    83 |    69 ||   152
Dodge: Dodged            |    63 |    34 ||    97
Block: Shield            |    99 |    62 ||   161
